 Dungeon Crawl Stone Soup version 0.30-a0-722-g3e6e8c874d (webtiles) character file.

Game seed: 7983679730941890499

4 theblackgale the Grave Robber (level 1, 0/13 HPs)
             Began as a Demonspawn Necromancer on Jan 27, 2023.
             Slain by a goblin
             ... wielding a +0 dagger of protection
              (3 damage)
             ... on level 2 of the Dungeon.
             The game lasted 00:04:09 (148 turns).

theblackgale the Grave Robber (DsNe)                 Turns: 148, Time: 00:04:09

Health: 0/13       AC:  2    Str:  8    XL:     1   Next: 50%
Magic:  3/3        EV: 12    Int: 16    God:
Gold:   0          SH:  0    Dex: 13    Spells: 3/4 levels left

rFire   . . .      SeeInvis .    d - +0 whip
rCold   . . .      Faith    .    (no shield)
rNeg    . . .      Spirit   .    a - +0 robe
rPois   .          Reflect  .    (no helmet)
rElec   .          Harm     .    (no cloak)
rCorr   .          Rampage  .    (no gloves)
Will    .....                    (no boots)
Stlth   ++                       (no amulet)
HPRegen 0.22/turn                (no ring)
MPRegen 0.08/turn                (no ring)

@: no status effects
A: no striking features
a: no special abilities


You were on level 2 of the Dungeon.
You visited 1 branch of the dungeon, and saw 2 of its levels.

Inventory:

Hand Weapons
 c - a +0 short sword
 d - a +0 whip (weapon)
Armour
 a - a +0 robe (worn)
Potions
 b - a potion of magic


   Skills:
 + Level 1.7 Dodging
 + Level 1.7 Stealth
 + Level 2.0 Spellcasting
 + Level 4.6 Necromancy


You had 3 spell levels left.
You knew the following spells:

 Your Spells              Type           Power      Damage    Failure   Level
a - Necrotise             Necr           64%        1d7       3%          1

Your spell library contained the following spells:

 Spells                   Type           Power      Damage    Failure   Level
 Vampiric Draining        Necr           16%        2d7       10%         3
 Static Discharge         Conj/Air       2%         2-3/arc   30%         2
 Vhi's Electric Charge    Tloc/Air       2%         N/A       52%         3
 Animate Dead             Necr           16%        N/A       30%         4
 Agony                    Necr           16%        N/A       65%         5
 Arcjolt                  Conj/Air       0%         1d10      99%         5
 Lightning Bolt           Conj/Air       0%         1d11      99%         5


Dungeon Overview and Level Annotations

Branches:
Dungeon (2/15)

Altars:
Dithmenos

Shops:
D:1 [

Annotations:
D:2 Terence


Message History

The goblin is heavily wounded.
The goblin hits you but does no damage.
Terence the Incautious comes into view.
He is wielding a +2 heavy mace.
Terence shouts!
You hear a shout!
Terence says, "Time to say good-bye..."
You see here a +0 sling.
Found 15 gold pieces.
The goblin attacks as you move away! The goblin hits you but does no damage.
The goblin attacks as you move away! The goblin closely misses you.
The goblin attacks as you move away!
The goblin hits you with a +0 dagger of protection.
You see here 15 gold pieces.
The goblin barely misses you. The goblin attacks as you move away!
The goblin hits you with a +0 dagger of protection.
The goblin attacks as you move away! The goblin barely misses you.
The goblin attacks as you move away! The goblin hits you but does no damage.
A dart slug comes into view.
A ball python comes into view.
The goblin completely misses you.
Found a buckler.
The dart slug bites you.
* * * LOW HITPOINT WARNING * * *
The goblin attacks as you move away! The goblin closely misses you.
The goblin attacks as you move away! The goblin barely misses you.
Terence looks scornfully at you. The goblin misses you.
The goblin attacks as you move away! The goblin closely misses you.
The goblin attacks as you move away!
The goblin hits you with a +0 dagger of protection.
* * * LOW HITPOINT WARNING * * *
The goblin attacks as you move away!
The goblin hits you with a +0 dagger of protection.
* * * LOW HITPOINT WARNING * * *
The goblin attacks as you move away! The goblin closely misses you.
The goblin attacks as you move away! The goblin barely misses you.
Found 7 gold pieces.
A hobgoblin comes into view.
The hobgoblin shouts!
The goblin hits you with a +0 dagger of protection.
You die...

.. # # .##.## $...
...... #######.....
......##...... ....
......#.....##.....
#................
####....@....#
#......g......S...
#.#..........g..#.
#.#.......#....##
#.#S#.#.#.#....#
#.#.#w#.#.#.####
#.#...#.#.#.#
#########S###@#.#.#.#
........#.#...#.#


You could see a dart slug, a hobgoblin, a goblin and 2 ball pythons.

Vanquished Creatures
  A dart slug (D:2)
  2 kobolds (D:1)
3 creatures vanquished.

Notes
Turn   | Place    | Note
-------+----------+-------------------------------------------
     0 | D:1      | theblackgale the Demonspawn Necromancer began the quest for
                  | the Orb.
     0 | D:1      | Reached XP level 1. HP: 13/13 MP: 3/3
    84 | D:1      | Found Tajoam's Armour Boutique.
    88 | D:2      | Found a shadowy altar of Dithmenos.
   107 | D:2      | Noticed Terence
   148 | D:2      | Slain by a goblin

Illustrated notes

Levels and vault maps discovered:
D:1:      sevenhm_arrival_forest_fort_small_6, layout_loops_ring, serial_shops,
          shop, nicolae_shop_statue_plus, shop_fountains, shop_statue,
          minmay_tromino_v7
D:2:      layout_basic, basic_altar, hellmonk_ecumenical_altar_arch_garden,
          uniq_terence, uniq_crazy_yiuf_cottage

Action                     || total
---------------------------++-------
  Melee: Whip              ||     8
   Cast: Necrotise         ||     7
 Armour: Robe              ||     4
  Dodge: Dodged            ||    16

Table legend: (Time is in decaauts)
 A = Elapsed time spent in this place.
 B = Non-inter-level travel time spent in this place.
 C = Inter-level travel time spent in this place.
 D = Time resting spent in this place.
 E = Time spent auto-exploring this place.
 F = Levels seen in this place.
 G = Mean time per level.
                   A        B        C        D        E       F      G
               +--------+--------+--------+--------+--------+-----+--------+
         Total |    148 |     79 |     69 |      0 |      0 |   2 |   74.0 |
       Dungeon |    148 |     79 |     69 |      0 |      0 |   2 |   74.0 |
               +--------+--------+--------+--------+--------+-----+--------+

Top non-repeatable levels by time:
     D:1: 87 daAuts
     D:2: 60 daAuts
